 Dungeon Crawl Stone Soup version 0.30-a0-305-g026cb31310 (webtiles) character file.

Game seed: 16130747854489979619

791 greenreed the Poker (level 7, -1/30 (56) HPs)
             Began as a Gnoll Reaver on Oct 21, 2022.
             Was an Initiate of Cheibriados.
             Slain by an orc
             ... wielding a +0 whip
              (2 damage)
             ... on level 6 of the Dungeon.
             The game lasted 00:13:11 (4311 turns).

greenreed the Poker (Gnoll Reaver)                  Turns: 4311, Time: 00:13:12

HP:   -1/30 (56)    AC:  8    Str: 14    XL:     7   Next: 88%
MP:   0/17          EV: 13    Int: 19    God:    Cheibriados [......]
Gold: 166           SH:  0    Dex: 12    Spells: 14/17 levels left

rFire   . . .      SeeInvis +    a - +0 spear
rCold   . . .      Faith    .    (no shield)
rNeg    . . .      Spirit   +    b - +0 leather armour
rPois   .          Reflect  .    (helmet restricted)
rElec   .          Harm     .    (no cloak)
rCorr   .          Rampage  .    k - +2 pair of gloves
Will    .....                    e - +1 pair of boots
Stlth   ++........               y - amulet of guardian spirit
HPRegen 0.25/turn                c - +6 ring of intelligence
MPRegen 0.15/turn                (no ring)

@: very heavily drained, very slow
A: fangs 1, strong nose, distributed training, antennae 1, see invisible, high
MP 1
a: Renounce Religion


You were on level 6 of the Dungeon.
You worshipped Cheibriados.
Cheibriados was noncommittal.
You visited 2 branches of the dungeon, and saw 7 of its levels.

You collected 231 gold pieces.
You spent 65 gold pieces at shops.

Inventory:

Hand Weapons
 a - a +0 spear (weapon)
Armour
 b - a +0 leather armour (worn)
 d - a +0 pair of gloves
 e - a +1 pair of boots (worn)
 k - a +2 pair of gloves (worn)
Jewellery
 c - a +6 ring of intelligence (left hand)
 y - an amulet of guardian spirit (around neck)
Wands
 q - a wand of polymorph (5)
Scrolls
 h - 2 scrolls of immolation {unknown}
 j - a scroll of fog {unknown}
 n - 2 scrolls of enchant armour {unknown}
 o - 3 scrolls of poison
 s - a scroll of noise {unknown}
 t - 3 scrolls of teleportation
 u - a scroll of acquirement {unknown}
 v - a scroll of torment {unknown}
 w - a scroll of magic mapping {unknown}
Potions
 f - 3 potions of lignification
 i - 2 potions of haste {unknown}
 l - 2 potions of mutation
 m - 2 potions of brilliance {unknown}
 p - a potion of cancellation {unknown}
 r - 3 potions of might
 x - a potion of flight {unknown}
 z - a potion of heal wounds {unknown}


   Skills:
 + Level 5.4 Fighting
 + Level 2.9 Short Blades
 + Level 2.9 Long Blades
 + Level 2.9 Axes
 + Level 2.9 Maces & Flails
 + Level 7.2 Polearms
 + Level 2.9 Staves
 + Level 2.9 Ranged Weapons
 + Level 2.9 Throwing
 + Level 2.9 Armour
 + Level 5.4 Dodging
 + Level 2.9 Stealth
 + Level 2.9 Shields
 + Level 2.9 Unarmed Combat
 + Level 5.8 Spellcasting
 + Level 6.0 Conjurations
 + Level 2.3 Hexes
 + Level 2.3 Summonings
 + Level 2.3 Necromancy
 + Level 2.3 Translocations
 + Level 2.3 Transmutations
 + Level 2.3 Fire Magic
 + Level 2.3 Ice Magic
 + Level 2.3 Air Magic
 + Level 2.3 Earth Magic
 + Level 2.3 Poison Magic
 + Level 3.2 Invocations
 + Level 2.9 Evocations


You had 14 spell levels left.
You knew the following spells:

 Your Spells              Type           Power      Damage    Failure   Level
a - Kiss of Death         Conj/Necr      84%        2d11      2%          1
b - Momentum Strike       Conj/Tloc      42%        3d9       3%          2

Your spell library contained the following spells:

 Spells                   Type           Power      Damage    Failure   Level
 Shock                    Conj/Air       84%        1d8       2%          1
 Hailstorm                Conj/Ice       21%        3d6       8%          3
 Frozen Ramparts          Ice            28%        1d5       16%         3
 Inner Flame              Hex/Fire       14%        N/A       16%         3
 Swiftness                Air            14%        N/A       16%         3
 Airstrike                Air            7%         2d(1-17)  47%         4
 Cause Fear               Hex            7%         N/A       47%         4
 Ice Form                 Ice/Tmut       14%        N/A       47%         4
 Summon Ice Beast         Ice/Summ       14%        N/A       47%         4
 Discord                  Hex            7%         N/A       100%        8


Dungeon Overview and Level Annotations

Branches:
Dungeon (6/15)             Temple (1/1) D:5

Altars:
Ashenzari
Cheibriados
Dithmenos
Elyvilon
Fedhas
Gozag
Hepliaklqana
Kikubaaqudgha
Makhleb
Nemelex Xobeh
Okawaru
Qazlal
Ru
Trog
Uskayaw
Vehumet
Wu Jian
Yredelemnul
Zin
The Shining One

Shops:
D:6 *


Innate Abilities, Weirdness & Mutations

You have very sharp teeth.
Your uncanny sense of smell can sniff out nearby items.
Your experience applies equally to all skills.
You have a pair of small antennae on your head.
You have supernaturally acute eyesight. (SInv)
You have an increased reservoir of magic. (+10% MP)


Message History

The orc warrior is heavily wounded.
The orc closely misses you. The orc warrior barely misses you.
You hit the orc warrior but do no damage.
You bite the orc warrior, but do no damage.
The orc warrior is heavily wounded.
You hit the orc warrior.
The orc warrior is heavily wounded.
The orc hits you but does no damage.
The orc warrior hits you with a +0 dire flail!
* * * LOW HITPOINT WARNING * * *
You hit the orc warrior but do no damage.
The orc warrior is heavily wounded.
You are no longer robbed of momentum.
The orc hits you but does no damage.
The orc warrior hits you with a +0 dire flail!
* * * LOW HITPOINT WARNING * * *
Okay, then.
Okay, then.
Casting: Momentum Strike (safe; 3% risk of failure)
Confirm with . or Enter, or press ? or * to list all spells.
Aiming: Kiss of Death (safe; 2% risk of failure)
Press: ? - help, Shift-Dir - straight line, f/p - orc warrior
Aim: an orc warrior, wielding a +0 dire flail and wearing a +0 plate armour (heavily wounded, 100% to hit)
The negative energy hits the orc warrior.
The orc warrior is drained!
The orc warrior is severely wounded.
You feel drained. The orc hits you but does no damage.
The orc warrior barely misses you.
Unknown command.
Casting: Kiss of Death (safe; 2% risk of failure)
Confirm with . or Enter, or press ? or * to list all spells.
You don't have enough magic to cast this spell.
Casting: Kiss of Death (safe; 2% risk of failure)
Confirm with . or Enter, or press ? or * to list all spells.
You don't have enough magic to cast this spell.
Unknown command.
You closely miss the orc warrior.
The orc warrior is severely wounded.
The orc hits you with a +0 whip.
You die...

#... +... #... ##
###... .. +.##.#
.##### #####.##.#
..#.+ +.#.......
#o#.#####.........
#@o(..##..#.......
#.....'..##.......
#.....##.##....###
#+#.####.##..###∩#
#.+....##### #'#
######## #.. ###


You could see an orc warrior (drained) and an orc.

Vanquished Creatures
  A merfolk (D:5)
  An acid dragon (D:6)
  An ice beast (D:4)
  An ogre (D:5)
  2 necrophages
  2 scorpions
  A jelly (D:5)
  A hound (D:5)
  2 orc priests (D:6)
  2 iguanas (D:5)
  Robin (D:4)
  2 adders
  2 gnolls (D:5)
  An ufetubus (D:5)
  2 worms (D:2)
  3 dart slugs
  3 orcs
  11 ball pythons
  4 endoplasms
  2 giant cockroaches
  10 goblins
  5 hobgoblins
  2 jackals (D:4)
  3 quokkas
  4 bats
  7 frilled lizards
  4 kobolds
  5 rats
85 creatures vanquished.

Vanquished Creatures (others)
  An ogre (D:5)
  A scorpion (D:5)
  A hound (D:3)
  An orc priest (D:5)
  A gnoll (D:5)
  An adder (D:5)
  A shadow imp (D:5)
  An orc (D:5)
  2 plants (D:3)
10 creatures vanquished.

Grand Total: 95 creatures vanquished

Notes
Turn   | Place    | Note
-------+----------+-------------------------------------------
     0 | D:1      | greenreed the Gnoll Reaver began the quest for the Orb.
     0 | D:1      | Reached XP level 1. HP: 20/20 MP: 6/6
   130 | D:1      | Reached XP level 2. HP: 26/26 MP: 7/7
   314 | D:1      | You fall into a shaft and drop 1 floor!
   508 | D:2      | Reached skill level 5 in Spellcasting
   508 | D:2      | Reached XP level 3. HP: 16/31 MP: 7/9
   714 | D:2      | Reached skill level 1 in Invocations
  1012 | D:3      | Learned a level 2 spell: Momentum Strike
  1036 | D:3      | Reached skill level 1 in Short Blades
  1036 | D:3      | Reached skill level 1 in Long Blades
  1036 | D:3      | Reached skill level 1 in Axes
  1036 | D:3      | Reached skill level 1 in Maces & Flails
  1036 | D:3      | Reached skill level 1 in Staves
  1036 | D:3      | Reached skill level 1 in Ranged Weapons
  1036 | D:3      | Reached skill level 1 in Throwing
  1036 | D:3      | Reached skill level 1 in Armour
  1036 | D:3      | Reached skill level 1 in Stealth
  1036 | D:3      | Reached skill level 1 in Shields
  1036 | D:3      | Reached skill level 1 in Unarmed Combat
  1036 | D:3      | Reached skill level 1 in Evocations
  1372 | D:3      | Reached XP level 4. HP: 24/38 MP: 8/11
  1591 | D:3      | Reached skill level 1 in Hexes
  1591 | D:3      | Reached skill level 1 in Summonings
  1591 | D:3      | Reached skill level 1 in Necromancy
  1591 | D:3      | Reached skill level 1 in Translocations
  1591 | D:3      | Reached skill level 1 in Transmutations
  1591 | D:3      | Reached skill level 1 in Fire Magic
  1591 | D:3      | Reached skill level 1 in Ice Magic
  1591 | D:3      | Reached skill level 1 in Air Magic
  1591 | D:3      | Reached skill level 1 in Earth Magic
  1591 | D:3      | Reached skill level 1 in Poison Magic
  1666 | D:4      | Noticed a necrophage
  1675 | D:4      | Killed a necrophage
  1772 | D:4      | Noticed Robin
  1777 | D:4      | Killed Robin
  1778 | D:4      | Reached XP level 5. HP: 43/43 MP: 12/12
  2162 | D:5      | Entered Level 5 of the Dungeon
  2162 | D:5      | Noticed an ogre
  2165 | D:5      | Noticed an ice beast
  2170 | D:5      | Killed an ogre
  2184 | D:4      | Killed an ice beast
  2185 | D:4      | Reached skill level 5 in Fighting
  2185 | D:4      | Reached skill level 5 in Dodging
  2185 | D:4      | Reached XP level 6. HP: 30/44 MP: 9/14
  2764 | D:5      | Noticed a two-headed ogre
  2768 | D:5      | a two-headed ogre changed into a merfolk
  2768 | D:5      | Noticed a merfolk
  2784 | D:5      | Killed a merfolk
  2785 | D:5      | Reached skill level 7 in Polearms
  2785 | D:5      | Reached XP level 7. HP: 9/34 MP: 8/15
  3072 | D:5      | Found a staircase to the Ecumenical Temple.
  3078 | Temple   | Entered the Ecumenical Temple
  3098 | Temple   | Became a worshipper of Cheibriados the Contemplative
  4230 | D:6      | Found Huunymol's General Store.
  4233 | D:6      | Bought a scroll of teleportation for 39 gold pieces
  4233 | D:6      | Bought a scroll of identify for 26 gold pieces
  4237 | D:6      | Gained mutation: You have supernaturally acute eyesight.
                  | (SInv) [potion of mutation]
  4237 | D:6      | Gained mutation: You have a pair of small antennae on your
                  | head. [potion of mutation]
  4237 | D:6      | Gained mutation: You have an increased reservoir of magic.
                  | (+10% MP) [potion of mutation]
  4309 | D:6      | HP: 1/38 [orc warrior/+0 dire flail (7)]
  4311 | D:6      | Slain by an orc

Illustrated notes

Levels and vault maps discovered:
D:1:      minmay_arrival_arboretum_small, layout_loops_corners,
          dreamdust_ecumenical_altar_hidden_monk_grotto
D:2:      layout_basic
D:3:      layout_loops_ring, minmay_lizard_king
D:4:      layout_basic, uniq_robin
D:5:      layout_basic, minmay_temple_entry_fiery
D:6:      nicolae_cairo_tiling_large, layout_gridville, serial_shops,
          kennysheep_mini, uniq_maggie, uniq_edmund
Temple:   nicolae_temple_bog_church

Skill      XL: |  1  2  3  4  5  6  7 |
---------------+----------------------+-----
Spellcasting   | 5 |  5.8
Invocations    | 1 2 3 |  3.2
Short Blades   | 1 2 |  2.9
Long Blades    | 1 2 |  2.9
Axes           | 1 2 |  2.9
Maces & Flails | 1 2 |  2.9
Staves         | 1 2 |  2.9
Ranged Weapons | 1 2 |  2.9
Throwing       | 1 2 |  2.9
Armour         | 1 2 |  2.9
Stealth        | 1 2 |  2.9
Shields        | 1 2 |  2.9
Unarmed Combat | 1 2 |  2.9
Evocations     | 1 2 |  2.9
Hexes          | 1 2 |  2.3
Summonings     | 1 2 |  2.3
Necromancy     | 1 2 |  2.3
Translocations | 1 2 |  2.3
Transmutations | 1 2 |  2.3
Fire Magic     | 1 2 |  2.3
Ice Magic      | 1 2 |  2.3
Air Magic      | 1 2 |  2.3
Earth Magic    | 1 2 |  2.3
Poison Magic   | 1 2 |  2.3
Fighting       | 5 |  5.4
Dodging        | 5 |  5.4
Polearms       | 7 |  7.2
Conjurations   | 6 |  6.0

Action                   |  1- 3 |  4- 6 |  7- 9 || total
-------------------------+-------+-------+-------++-------
Melee: Spear             |   162 |   171 |    94 ||   427
       Bite              |    13 |    12 |    17 ||    42
       Punch             |     1 |     2 |     2 ||     5
 Cast: Momentum Strike   |     1 |    14 |    11 ||    26
       Kiss of Death     |       |     8 |     3 ||    11
Evoke: Wand              |       |     4 |       ||     4
  Use: Scroll            |       |       |     4 ||     4
       Potion            |       |       |     1 ||     1
 Stab: Sleeping          |     2 |     1 |     1 ||     4
Armor: Leather armour    |    32 |    42 |    27 ||   101
Dodge: Dodged            |    71 |    68 |    41 ||   180

Table legend: (Time is in decaauts)
 A = Elapsed time spent in this place.
 B = Non-inter-level travel time spent in this place.
 C = Inter-level travel time spent in this place.
 D = Time resting spent in this place.
 E = Time spent auto-exploring this place.
 F = Levels seen in this place.
 G = Mean time per level.
                   A        B        C        D        E       F      G
               +--------+--------+--------+--------+--------+-----+--------+
         Total |   4385 |   4212 |    173 |    149 |   3231 |   7 |  626.4 |
       Dungeon |   4109 |   3989 |    120 |    149 |   3028 |   6 |  684.8 |
        Temple |    276 |    224 |     52 |      0 |    203 |   1 |  276.0 |
               +--------+--------+--------+--------+--------+-----+--------+

Top non-repeatable levels by time:
     D:5: 1642 daAuts
     D:3: 740 daAuts
     D:2: 571 daAuts
     D:4: 549 daAuts
     D:1: 305 daAuts
     D:6: 301 daAuts
  Temple: 276 daAuts
